 Dungeon Crawl Stone Soup version 0.31-a0-331-geda263fcf1 (webtiles) character file.

Game seed: 3918146730113893958

347 LeprechaunX the Changeling (level 6, 0/27 HPs)
             Began as an Octopode Shapeshifter on July 19, 2023.
             Was a Follower of Cheibriados.
             Slain by an orc
             ... wielding a +0 club
              (2 damage)
             ... on level 6 of the Dungeon.
             The game lasted 00:03:53 (3475 turns).

LeprechaunX the Changeling (Octopode Shapeshifter)  Turns: 3475, Time: 00:03:53

Health: 0/27       AC:  9    Str: 24    XL:     6   Next: 59%
Magic:  6/6        EV: 10    Int: 12    God:    Cheibriados [*.....]
Gold:   157        SH:  0    Dex: 14    Spells: 5/5 levels left

rFire   . . .        j - melded +2 short sword (protect)
rCold   . . .        (shield currently unavailable)
rNeg    . . .        (helmet currently unavailable)
rPois   .            (no amulet)
rElec   .            (no ring)
rCorr   .            (no ring)
SInv    .            (no ring)
Will    .....        (no ring)
Stlth   +            (no ring)
HPRegen 0.24/turn    (no ring)
MPRegen 0.10/turn    (no ring)
                     (no ring)

%: no passive effects
@: snake-form, very slow
A: constrict, reduced hp, almost no armour, amphibious, 8 rings, large,
(camouflage 1), (gelatinous body 1), (nimble swimmer 1), (tentacles)
a: Begin Untransformation, Renounce Religion, Bend Time


You were on level 6 of the Dungeon.
You worshipped Cheibriados.
Cheibriados was aware of your devotion.
You were an enormous anaconda.
You visited 1 branch of the dungeon, and saw 6 of its levels.

You collected 157 gold pieces.

Inventory:

Hand Weapons
 j - a +2 short sword of protection (melded)
Jewellery
 g - a ring of ice
Talismans
 b - a beast talisman
 l - a serpent talisman
Scrolls
 c - 2 scrolls of identify {unknown}
 d - a scroll of immolation {unknown}
 e - a scroll of amnesia {unknown}
 h - a scroll of poison {unknown}
 i - a scroll of vulnerability {unknown}
 k - 2 scrolls of teleportation {unknown}
 m - 2 scrolls of fog {unknown}
 n - 2 scrolls of enchant armour {unknown}
Potions
 a - 2 potions of lignification
 f - 2 potions of mutation {unknown}
 o - a potion of might {unknown}
 p - a potion of invisibility {unknown}


   Skills:
 + Level 3.2 Fighting
 + Level 3.2 Dodging
 * Level 4.1 Unarmed Combat
 * Level 4.3 Shapeshifting


You had 5 spell levels left.
You didn't know any spells.
Your spell library contained the following spells:

 Spells                   Type           Power      Damage    Failure   Level
 Summon Small Mammal      Summ           0%         N/A       32%         1
 Call Canine Familiar     Summ           0%         N/A       69%         3
 Summon Guardian Golem    Hex/Summ       0%         N/A       69%         3


Dungeon Overview and Level Annotations

Branches:
Dungeon (6/15)
 Temple: D:4-7

Altars:
Cheibriados
Dithmenos
Gozag
Hepliaklqana
Kikubaaqudgha
Nemelex Xobeh
Okawaru
Qazlal
Trog
Wu Jian
Yredelemnul
Zin

Shops:
D:3 *

Annotations:
D:2 1 runed translucent door, Crazy Yiuf


Innate Abilities, Weirdness & Mutations

You are an enormous anaconda.
You have a powerful constriction melee attack.
Your maximum health is decreased, since you lack skill for your form.
Your armour is entirely melded.
You are incapable of wielding weapons or throwing items.
You cannot wear most types of armour.
You are amphibious.
You can wear up to eight rings at the same time.
((Your skin changes colour to match your surroundings (Stealth+).))
((Your rubbery body absorbs attacks. (AC +1, EV +1)))
((You are camouflaged when in or above water. (Stealth+)))
((You have tentacles for arms and can constrict up to eight enemies at once.))


Message History

No target in view!
You see here a +0 falchion.
Found a stone staircase leading down.
Found a stone staircase leading down.
An orc comes into view. It is wielding a +0 club.
The orc shouts!
You hear a shout! x3
An orc is nearby!
An orc comes into view. It is wielding a +0 mace.
The orc shouts!
An orc priest comes into view. It is wielding a +0 falchion.
An orc priest comes into view. It is wielding a +0 dagger.
There is a stone staircase leading down here.
You hit the orc. Your grab misses the orc.
The orc is lightly wounded.
The orc hits you but does no damage.
The orc priest invokes the aid of Beogh against you.
Beogh smites you!
You barely miss the orc. Your grab misses the orc.
The orc is lightly wounded.
The orc hits you with a +0 club.
An orc wizard comes into view. It is wielding a +0 dagger.
You are too injured to fight recklessly!
You are too injured to fight recklessly!
Unknown command.
The orc misses you.
You climb downwards.
You hear the sound of rushing water.
There is an entrance to a sewer on this level.
Hurry and find it before the portal rusts away!
There is a stone staircase leading up here.
You hit the orc but do no damage. You grab the orc. You constrict the orc.
You release your grip on the orc.
The orc hits you with a +0 mace.
* * * LOW HITPOINT WARNING * * *
The orc barely misses you. The orc hits you but does no damage.
The black bear bites you.
* * * LOW HITPOINT WARNING * * *
The black bear claws you but does no damage.
The black bear misses you. The orc barely misses you.
The orc hits you but does no damage. The orc attacks as you move away!
The orc hits you with a +0 club.
You die...

#.. ..## ...#
#..# #..####
####.....##
###.........##
#.....oS.....##
###.....oh......#
.................
##....<.........
##.............
#####.........
#####...#. ####


You could see a black bear and 2 orcs.

Vanquished Creatures
  An ogre (D:4)
  3 hounds
  An iguana (D:4)
  4 gnolls (D:4)
  4 adders
  2 worms
  2 dart slugs (D:2)
  An orc (D:3)
  5 endoplasms
  3 giant cockroaches
  8 hobgoblins
  6 jackals
  A quokka (D:2)
  4 ball pythons
  2 bats (D:1)
  5 frilled lizards
  4 goblins
  8 kobolds
  3 rats
67 creatures vanquished.

Notes
Turn   | Place    | Note
-------+----------+-------------------------------------------
     0 | D:1      | LeprechaunX the Octopode Shapeshifter began the quest for
                  | the Orb.
     0 | D:1      | Reached XP level 1. HP: 14/14 MP: 1/1
   122 | D:1      | Reached XP level 2. HP: 17/19 MP: 2/2
   652 | D:2      | Reached XP level 3. HP: 23/24 MP: 3/3
   768 | D:2      | Found a runed translucent door.
   769 | D:2      | Noticed Crazy Yiuf
  1179 | D:2      | Reached XP level 4. HP: 27/30 MP: 4/4
  1275 | D:2      | Found an ancient bone altar of Kikubaaqudgha.
  1573 | D:3      | Found Zin's Purification Station.
  1576 | D:3      | Found a glowing silver altar of Zin.
  1750 | D:3      | Found a snail-covered altar of Cheibriados.
  1843 | D:3      | Found a hazy altar of Hepliaklqana.
  1922 | D:3      | Became a worshipper of Cheibriados the Contemplative
  2036 | D:3      | Found an ancient bone altar of Kikubaaqudgha.
  2037 | D:3      | Found an iron altar of Okawaru.
  2042 | D:3      | Found a stormy altar of Qazlal.
  2043 | D:3      | Found a sparkling altar of Nemelex Xobeh.
  2045 | D:3      | Found a bloodstained altar of Trog.
  2046 | D:3      | Found an ornate altar of the Wu Jian Council.
  2048 | D:3      | Found an opulent altar of Gozag.
  2053 | D:3      | Found a shadowy altar of Dithmenos.
  2402 | D:4      | Reached XP level 5. HP: 25/35 MP: 5/5
  2514 | D:4      | Found a basalt altar of Yredelemnul.
  2639 | D:4      | Reached * piety under Cheibriados
  2979 | D:4      | Noticed an ogre
  3044 | D:4      | Killed an ogre
  3045 | D:4      | Reached XP level 6. HP: 24/42 MP: 6/6
  3431 | D:5      | Entered Level 5 of the Dungeon
  3470 | D:6      | Noticed a black bear
  3475 | D:6      | Slain by an orc

Illustrated notes

Levels and vault maps discovered:
D:1:      spicycebolla_arrival_xxxplode, layout_basic, st_stairs_1
D:2:      layout_loops_corners, basic_altar, uniq_crazy_yiuf_cottage
D:3:      layout_loops_ring, nicolae_overflow_hallway_of_the_gods,
          mainiacjoe_overflow_alcove_2, zin_purify,
          lemuel_coloured_pillars_altar
D:4:      layout_gridville, lemuel_crystal_altar, hangedman_decor_riveting
D:5:      layout_loops_ring, lemuel_doored_altar
D:6:      layout_cave_pods, minmay_temple_entry_overgrown, portal_sewer_entry_e,
          corexii_corridor_pit

Skill      XL: |  1  2  3  4  5  6 |
---------------+-------------------+-----
Unarmed Combat | 3 4 |  4.1
Shapeshifting  | 4 |  4.3
Fighting       | 3 |  3.2
Dodging        | 3 |  3.2

Action                     |  1- 3 |  4- 6 || total
---------------------------+-------+-------++-------
  Melee: Unarmed           |    35 |    19 ||    54
         Constrict         |    14 |    23 ||    37
         Tentacles         |    10 |    12 ||    22
         Short sword       |    22 |    59 ||    81
         Punch             |     1 |     3 ||     4
   Stab: Sleeping          |     5 |     9 ||    14
 Armour: Skin              |     8 |    17 ||    25
  Dodge: Dodged            |    37 |    36 ||    73
   Form: Anaconda          |       |     1 ||     1

Table legend: (Time is in decaauts)
 A = Elapsed time spent in this place.
 B = Non-inter-level travel time spent in this place.
 C = Inter-level travel time spent in this place.
 D = Time resting spent in this place.
 E = Time spent auto-exploring this place.
 F = Levels seen in this place.
 G = Mean time per level.
                   A        B        C        D        E       F      G
               +--------+--------+--------+--------+--------+-----+--------+
         Total |   3808 |   3616 |    192 |    268 |   2849 |   6 |  634.7 |
       Dungeon |   3808 |   3616 |    192 |    268 |   2849 |   6 |  634.7 |
               +--------+--------+--------+--------+--------+-----+--------+

Top non-repeatable levels by time:
     D:4: 1267 daAuts
     D:2: 1042 daAuts
     D:3: 936 daAuts
     D:1: 506 daAuts
     D:5: 50 daAuts
     D:6: 5 daAuts
